 Dungeon Crawl Stone Soup version 0.17-a0-1468-gbf503c2 (webtiles) character file.

991 Sirial the Quickloader (level 7, 0/67 HPs)
             Began as a High Elf Hunter on July 1, 2015.
             Was a Follower of Cheibriados.
             Slain by a giant frog (2 damage)
             ... on level 5 of the Dungeon.
             The game lasted 00:22:25 (4341 turns).

Sirial the Quickloader (High Elf Hunter)            Turns: 4341, Time: 00:22:25

Health: 0/67       AC: 26    Str: 13    XL:     7   Next: 98%
Magic:  8/8        EV:  2    Int: 17    God:    Cheibriados [*.....]
Gold:   155        SH:  0    Dex: 20    Spells: 0 memorised, 6 levels left

rFire  . . .     SeeInvis .     b - +0 quarterstaff
rCold  . . .     Clarity  .     (armour currently unavailable)
rNeg   + + +     SustAt   .     (no shield)
rPois  +         Gourm    .     (helmet currently unavailable)
rElec  .         Spirit   .     (cloak currently unavailable)
rCorr  .         Warding  .     (gloves currently unavailable)
rMut   .         NoTele   +     (boots currently unavailable)
MR     .....                    (no amulet)
Stlth  ++........               (no ring)
                                l - +3 ring of protection

@: tree-form, very slow, not resistant to hostile enchantments, unstealthy
A: no striking features
a: Bend Time, Renounce Religion


You were on level 5 of the Dungeon.
You worshipped Cheibriados.
Cheibriados was aware of your devotion.
You were not hungry.
You were a tree.
You visited 2 branches of the dungeon, and saw 6 of its levels.

You collected 155 gold pieces.

Inventory:

Hand weapons
 a - a +1 hand crossbow
 b - a +0 quarterstaff (weapon)
 c - a +0 short sword
Armour
 d - a +0 leather armour
 h - a +3 leather armour (melded)
 o - a +0 pair of gloves
Jewellery
 l - a +3 ring of protection (left branch)
Scrolls
 f - a scroll of fear {unknown}
 i - a scroll of magic mapping {unknown}
 k - 2 scrolls of identify
 m - a scroll of remove curse
 p - a scroll of teleportation {unknown}
 u - a scroll of fog
 v - a scroll of amnesia
Potions
 g - a potion of brilliance
 t - 3 potions of agility
Comestibles
 e - 4 bread rations
 j - a beef jerky
 r - 2 meat rations
 s - a royal jelly


   Skills:
 + Level 2.4 Fighting
 + Level 0.2 Short Blades
 + Level 0.2 Staves
 + Level 8.4 Crossbows
 + Level 2.7 Armour
 + Level 4.7 Dodging
 + Level 1.3 Stealth


You had 6 spell levels left.
You didn't know any spells.

Dungeon Overview and Level Annotations

Branches:
Dungeon (5/15)             Temple (1/1) D:4

Altars:
Ashenzari
Cheibriados
Elyvilon
Gozag
Kikubaaqudgha
Makhleb
Nemelex Xobeh
Okawaru
Qazlal
Ru
Sif Muna
Vehumet
Xom
Yredelemnul
Zin

Annotations:
D:5 Edmund


Message History

You hit Edmund but do no damage.
Edmund is heavily wounded.
The giant frog barely misses you.
Edmund hits you with a flail of protection.
* * * LOW HITPOINT WARNING * * *
You hit Edmund but do no damage.
Edmund is heavily wounded.
The giant frog hits you but does no damage. x2
Edmund hits you but does no damage.
You hit Edmund but do no damage.
Edmund is heavily wounded.
The giant frog hits you.
* * * LOW HITPOINT WARNING * * *
The giant frog hits you but does no damage.
Edmund hits you but does no damage.
You hit Edmund.
Edmund is heavily wounded.
The giant frog completely misses you. Edmund hits you but does no damage.
The giant frog hits you.
You die...

#.....###. ##........
....((.... ##..#####.#
......... ...## ##..#
......(.. ##.###....#
..(....[. ##........##
##(....... ...........#
.o....... .....###....
#@F...... ....#......#
#♣# ..#....###.## #.##
..#..### #..# ##..##...
....## ##..###........#
...#.####...#..####.....
...##..........## ###..
..####.)###.....# # ..#
#.###.#....# ..# ##(
#.###..#


You could see Edmund, a giant frog and an orc.

Vanquished Creatures
  2 ogres (D:5)
  4 scorpions
  A jelly (D:5)
  2 orc priests (D:4)
  2 hounds (D:4)
  An iguana (D:4)
  4 orc wizards
  Jessica (D:3)
  A giant frog skeleton (D:4)
  2 worker ants (D:4)
  A hound zombie (D:5)
  5 adders
  4 gnolls (D:4)
  2 shadow imps (D:5)
  2 adder skeletons
  3 worms
  15 orcs
  2 ball pythons (D:3)
  9 goblins
  8 hobgoblins
  6 jackals (D:2)
  A quokka (D:2)
  9 bats
  4 giant cockroaches
  4 giant newts
  2 jackal skeletons (D:5)
  9 kobolds
  A quokka skeleton (D:5)
  9 rats
116 creatures vanquished.

Notes
Turn   | Place    | Note
--------------------------------------------------------------
     0 | D:1      | Sirial the High Elf Hunter began the quest for the Orb.
     0 | D:1      | Reached XP level 1. HP: 14/14 MP: 2/2
   806 | D:2      | Reached XP level 2. HP: 19/19 MP: 3/3
   818 | D:2      | Reached XP level 3. HP: 21/24 MP: 4/4
  1203 | D:2      | Reached skill level 5 in Crossbows
  1452 | D:2      | Reached skill level 1 in Armour
  1452 | D:2      | Reached XP level 4. HP: 14/29 MP: 5/5
  1520 | D:3      | Noticed Jessica
  1523 | D:3      | Killed Jessica
  1864 | D:3      | Reached XP level 5. HP: 9/34 MP: 6/6
  2001 | D:3      | Reached skill level 6 in Crossbows
  2295 | D:4      | Found a burning altar of Makhleb.
  2309 | D:4      | Found a staircase to the Ecumenical Temple.
  2418 | Temple   | Entered the Ecumenical Temple
  2830 | D:4      | Reached XP level 6. HP: 39/39 MP: 7/7
  2945 | D:4      | Reached skill level 7 in Crossbows
  3077 | D:4      | Reached XP level 7. HP: 45/45 MP: 8/8
  3206 | D:4      | Found a snail-covered altar of Cheibriados.
  3214 | D:4      | Became a worshipper of Cheibriados the Contemplative
  3510 | D:5      | Entered Level 5 of the Dungeon
  3747 | D:5      | Reached skill level 8 in Crossbows
  4035 | D:5      | Acquired Cheibriados's first power
  4318 | D:5      | Noticed Edmund
  4338 | D:5      | HP: 3/67 [Edmund/flail of protection (6)]
  4341 | D:5      | Slain by a giant frog

Vault maps used:
D:1:      dpeg_arrival_renting
D:2:      serial_bayou, serial_bayou_pond_c, serial_bayou_ford_a,
          serial_bayou_pond_a, serial_bayou_pond_d
D:3:      corexii_shack_village, uniq_jessica
D:4:      lemuel_crystal_altar, overflow_temple_1_default,
          minmay_temple_entry_large_hall, first_bread, cheibrodos_gnoll_hut
D:5:      uniq_edmund
Temple:   nicolae_temple_figure_eight

Action                   |  1- 3 |  4- 6 |  7- 9 || total
-------------------------+-------+-------+-------++-------
Melee: Short sword       |       |     9 |     2 ||    11
       Quarterstaff      |       |       |     7 ||     7
       Unarmed           |       |       |     5 ||     5
 Fire: Hand crossbow     |    77 |   177 |   108 ||   362
  Use: Potion            |     4 |     7 |     1 ||    12
       Scroll            |     4 |     3 |       ||     7
  Eat: Meat ration       |     1 |       |       ||     1
       Bread ration      |       |     1 |       ||     1
       Beef jerky        |       |       |     2 ||     2
